[Event "Team 45 45 League T33"]
[Site "Internet Chess Club"]
[Date "2007.04.20"]
[Round "1"]
[White "tryanything"]
[Black "John3v16"]
[Result "0-1"]
[WhiteElo "1682"]
[BlackElo "1827"]
[ECO "D45"]
[TimeControl "2700+45"]

1. c4 c6 2. d4 d5 3. Nc3 Nf6 4. Nf3 e6 5. e3 Nbd7 6. cxd5 exd5 7. Be2 Bd6 8. O-O
O-O 9. Re1 Re8 10. Qc2 Qc7 11. h3 Nf8 12. Bd3 Ng6 13. e4 dxe4 14. Nxe4 Nxe4 15.
Bxe4 Bb4 16. Bd2 Bxd2 17. Qxd2 Be6 18. b3 Rad8 19. Rac1 Nf4 20. Ng5 g6 21. Nxe6
Rxe6 22. Bb1 Rxe1+ 23. Qxe1 Rxd4 24. Rd1 c5 25. Qe8+ Kg7 26. Rxd4 cxd4 27. Qe4
Ne6 28. g3 Qc6 29. Qxc6 bxc6 30. Kf1 c5 31. Ke2 f5 32. h4 f4 33. Kf3 fxg3 34.
fxg3 g5 35. h5 h6 36. g4 Kf6 37. Bf5 Ke5 38. a3 a5 39. a4 Nf4 40. Kf2 Nd5 41.
Kf3 Nb4 42. Bh7 Na2 43. Bg8 Nc1 44. Bc4 Na2 45. Bg8 Nc3 46. Bc4 Nd5 47. Bd3 Nf4
48. Bh7 Nd5 49. Bd3 Ne3 50. Bh7 c4 51. bxc4 Nxc4 52. Bd3 Kd5 53. Be4+ Kc5 54.
Bd3 Ne5+ 55. Ke4 Nxg4 56. Kf5 Nf2 57. Bb5 d3 58. Kg6 d2 59. Be2 d1=Q 60. Bxd1
Nxd1 61. Kxh6 g4 62. Kg7 g3 63. h6 g2 64. h7 g1=Q+ 65. Kh6 Qh2+ 66. Kg7 Qxh7+
67. Kxh7 Kb4 68. Kg6 Kxa4 69. Kf5 Kb3 70. Ke4 a4 {White resigns} 0-1

[Event "Team 45 45 League T33"]
[Site "Internet Chess Club"]
[Date "2007.04.22"]
[Round "1"]
[White "Ingo"]
[Black "FiendAngelical"]
[Result "1-0"]
[WhiteElo "1737"]
[BlackElo "1705"]
[ECO "B22"]
[TimeControl "2700+45"]

1. e4 c5 2. c3 d5 3. exd5 Qxd5 4. d4 Nf6 5. Nf3 Bg4 6. dxc5 Qxd1+ 7. Kxd1 e5 8.
b4 e4 9. h3 Bh5 10. g4 Nxg4 11. hxg4 Bxg4 12. Nd2 exf3 13. Bb5+ Nc6 14. Re1+ Be7
15. Kc2 Kf8 16. Bxc6 bxc6 17. Nc4 h5 18. Ne5 Rc8 19. a4 a5 20. Nc4 axb4 21. cxb4
Bf5+ 22. Kb3 Be6 23. a5 Rb8 24. Bf4 Rb5 25. Bd6 Bxd6 26. cxd6 c5 27. Ra4 Rxb4+
28. Rxb4 cxb4 29. Kxb4 Ke8 30. Nb6 Kd8 31. a6 Bc8 32. a7 Bb7 33. Re7 Bc6 {Black
resigns} 1-0

[Event "Team 45 45 League T33"]
[Site "Internet Chess Club"]
[Date "2007.04.22"]
[Round "1"]
[White "fledermaus"]
[Black "PrincessChess"]
[Result "1-0"]
[WhiteElo "1957"]
[BlackElo "1788"]
[ECO "D52"]
[TimeControl "2700+45"]

1. d4 d5 2. c4 c6 3. Nf3 e6 4. Nc3 Nf6 5. Bg5 Nbd7 6. e3 Qa5 7. Nd2 Bb4 8. Qc2
Ne4 9. Ndxe4 dxe4 10. Bh4 O-O 11. Be2 f5 12. O-O Bd6 13. c5 Bb8 14. f3 exf3 15.
Rxf3 Nf6 16. e4 Qc7 17. Bg3 Qd7 18. Rd1 Bxg3 19. Rxg3 fxe4 20. Nxe4 Nxe4 21.
Qxe4 Qd5 22. Qh4 Bd7 23. Bd3 h5 24. Rg5 e5 25. Rxe5 Qxa2 26. Bh7+ Kxh7 27. Rxh5+
Kg8 28. Rh8+ Kf7 29. Rf1+ Ke6 30. Qe4# {Black checkmated} 1-0

[Event "Team 45 45 League T33"]
[Site "Internet Chess Club"]
[Date "2007.04.20"]
[Round "1"]
[White "OrangeKing"]
[Black "malefactor"]
[Result "1-0"]
[WhiteElo "1788"]
[BlackElo "1814"]
[ECO "A05"]
[TimeControl "2700+45"]

1. Nf3 Nf6 2. g3 g6 3. Bg2 Bg7 4. O-O d6 5. c4 O-O 6. d4 c5 7. d5 Bd7 8. Qb3 Qc8
9. Nc3 Na6 10. e4 Nc7 11. e5 Ng4 12. exd6 exd6 13. Ne4 Ne8 14. Bf4 Qc7 15. Bh3
Ngf6 16. Bxd7 Qxd7 17. Nxf6+ Nxf6 18. Rae1 Rab8 19. Qc2 b5 20. b3 bxc4 21. bxc4
Nh5 22. Bd2 Rb2 23. Qd3 Rxa2 24. Re2 Rb8 25. Rfe1 Rab2 26. Re7 Qa4 27. Qe3 Rf8
28. Ng5 Rb3 29. Qe2 Bf6 30. Rxf7 Rxf7 31. Nxf7 Kxf7 32. Qe6+ Kg7 33. g4 Rb7 34.
gxh5 Re7 35. h6+ Kf8 36. Qxf6+ {Black resigns} 1-0

[Event "Team 45 45 League T33"]
[Site "Internet Chess Club"]
[Date "2007.04.22"]
[Round "1"]
[White "Wheels"]
[Black "Socraticchess"]
[Result "0-1"]
[WhiteElo "1729"]
[BlackElo "1842"]
[ECO "C42"]
[TimeControl "2700+45"]

1. e4 e5 2. Nf3 Nf6 3. Nxe5 d6 4. Nf3 Nxe4 5. Nc3 Nxc3 6. dxc3 d5 7. Be3 Be7 8.
Qd2 Be6 9. Nd4 O-O 10. h3 c5 11. Nxe6 fxe6 12. O-O-O Nc6 13. Kb1 a6 14. g4 b5
15. f4 c4 16. Bg2 b4 17. cxb4 Bxb4 18. c3 Be7 19. Ka1 Rb8 20. f5 Na5 21. Bxd5
exd5 22. Qxd5+ Qxd5 23. Rxd5 Rb5 24. Rd7 Bf6 25. Rhd1 Rfb8 26. R7d2 Nc6 27. Bf4
R8b7 28. Re1 h6 29. Rh1 Ne5 30. Bxe5 Bxe5 31. Re1 a5 32. a4 Rc5 33. Rde2 Bf6 34.
Re4 Rc6 35. R1e2 Rd7 36. Ka2 Rd3 37. R2e3 Rcd6 38. Kb1 Bg5 39. Rxd3 cxd3 40. Rd4
Rxd4 41. cxd4 Kf8 42. b3 Ke7 43. Kb2 Kd6 44. h4 Bf4 45. Kc3 d2 46. Kc2 Kd5
{White resigns} 0-1

[Event "Team 45 45 League T33"]
[Site "Internet Chess Club"]
[Date "2007.04.20"]
[Round "1"]
[White "Dodgee"]
[Black "GoIrish"]
[Result "1-0"]
[WhiteElo "1525"]
[BlackElo "1591"]
[ECO "B03"]
[TimeControl "2700+45"]

1. e4 Nf6 2. e5 Nd5 3. d4 d6 4. c4 Nb6 5. exd6 cxd6 6. Nc3 g6 7. Be3 Bg7 8. c5
dxc5 9. dxc5 N6d7 10. Bc4 O-O 11. Nge2 Nc6 12. O-O Nde5 13. Bb3 Bf5 14. Nd4 Nxd4
15. Bxd4 Nd3 16. Bxg7 Kxg7 17. Bd5 Nxb2 18. Qd4+ Kg8 19. Ne2 Rb8 20. Bxf7+ Rxf7
21. Qxb2 Rf6 22. Rac1 Rc6 23. Rfd1 Qc7 24. Nd4 Rxc5 25. Qb3+ Kg7 26. Nxf5+ gxf5
27. Rxc5 Qxc5 28. Qg3+ Kf7 29. Qxb8 Qc2 30. Ra1 Qc3 31. Rf1 Qb2 32. Qxa7 Kf6 33.
Rd1 Qe2 34. Qd4+ Kf7 35. Qd5+ e6 36. Qd7+ Kf6 37. Qd8+ Kg6 38. Qg8+ Kf6 39. Rf1
h5 40. h4 b5 41. Qg5+ Kf7 42. Qc1 Qxa2 43. Re1 b4 44. Qb1 Qc4 45. g3 f4 46. Rc1
Qd4 47. Qh7+ Qg7 48. Qxg7+ Kxg7 49. Rb1 Kf6 50. Rxb4 fxg3 51. fxg3 e5 52. Kf2
Kf5 53. Kf3 Kf6 54. Ke4 {Black resigns} 1-0

[Event "Team 45 45 League T33"]
[Site "Internet Chess Club"]
[Date "2007.04.22"]
[Round "1"]
[White "syy89"]
[Black "Allessia"]
[Result "0-1"]
[WhiteElo "2083"]
[BlackElo "2289"]
[ECO "B33"]
[TimeControl "2700+45"]

1. e4 c5 2. Nf3 Nc6 3. d4 cxd4 4. Nxd4 Nf6 5. Nc3 e5 6. Ndb5 d6 7. Bg5 a6 8. Na3
b5 9. Nd5 Be7 10. Bxf6 Bxf6 11. c3 O-O 12. Nc2 Bg5 13. a4 bxa4 14. Rxa4 a5 15.
Bc4 Ne7 16. O-O Nxd5 17. Bxd5 Rb8 18. Qa1 Bd7 19. Rxa5 Rxb2 20. Ra8 Rb8 21. Rxb8
Qxb8 22. Rb1 Qc8 23. Qa3 Be6 24. Nb4 Qc5 25. Bxe6 fxe6 26. Qb3 Qxf2+ {White
resigns} 0-1

[Event "Team 45 45 League T33"]
[Site "Internet Chess Club"]
[Date "2007.04.23"]
[Round "1"]
[White "Gregorio"]
[Black "azbycx"]
[Result "1-0"]
[WhiteElo "2083"]
[BlackElo "1980"]
[ECO "C07"]
[TimeControl "2700+45"]

1. e4 e6 2. d4 d5 3. Nd2 c5 4. exd5 cxd4 5. dxe6 Bxe6 6. Ngf3 Nc6 7. Be2 Nf6 8.
O-O Bc5 9. Nb3 Bxb3 10. axb3 O-O 11. c3 dxc3 12. bxc3 Qxd1 13. Bxd1 Ne4 14. b4
Bb6 15. Ba3 Rfd8 16. Rc1 Nd2 17. Re1 Nc4 18. Ra1 Rd3 19. b5 N6a5 20. Bb4 Rd5 21.
Be2 Rc8 22. Rad1 Rxd1 23. Rxd1 Rd8 24. Rxd8+ Bxd8 25. Nd4 Nd2 26. Bd3 Nac4 27.
Nb3 Nxb3 28. Bxc4 Na5 29. Bd5 g6 30. Kf1 Kg7 31. Ke2 f5 32. Kd3 Bb6 33. f3 Kf6
34. Bd6 g5 35. g4 f4 36. h3 h6 37. Ke4 a6 38. bxa6 bxa6 39. Bf8 Kg6 40. Ke5 Kh7
41. Kf6 {Black resigns} 1-0

[Event "Team 45 45 League T33"]
[Site "Internet Chess Club"]
[Date "2007.04.21"]
[Round "1"]
[White "elnik"]
[Black "baumhauer"]
[Result "0-1"]
[WhiteElo "1878"]
[BlackElo "2034"]
[ECO "D45"]
[TimeControl "2700+45"]

1. d4 d5 2. c4 e6 3. Nc3 c6 4. e3 Nf6 5. Nf3 Bd6 6. Bd3 Nbd7 7. cxd5 exd5 8. O-O
O-O 9. a3 Re8 10. Qc2 Qe7 11. Bd2 Ne4 12. Rae1 Ndf6 13. Bc1 g6 14. h3 Qf8 15.
Nd2 Bf5 16. Ndxe4 dxe4 17. Bc4 a6 18. Ne2 b5 19. Ba2 Rec8 20. Ng3 Nd5 21. Nxf5
gxf5 22. Qe2 Qh6 23. Bd2 Kh8 24. Rc1 Rg8 25. Kh1 Rxg2 {White resigns} 0-1

[Event "Team 45 45 League T33"]
[Site "Internet Chess Club"]
[Date "2007.04.23"]
[Round "1"]
[White "Mikey29a"]
[Black "deathmage"]
[Result "1-0"]
[WhiteElo "1671"]
[BlackElo "1645"]
[ECO "C01"]
[TimeControl "2700+45"]

1. e4 e6 2. d4 d5 3. exd5 exd5 4. Bd3 Nc6 5. c3 Bd6 6. Ne2 Nge7 7. Bf4 Bf5 8.
O-O Bxf4 9. Nxf4 Qd6 10. Qf3 Bxd3 11. Nxd3 O-O-O 12. b4 g5 13. b5 Na5 14. Ne5
Rdf8 15. Nd2 f6 16. Nd3 h5 17. Nb3 Nc4 18. a4 Kb8 19. Qg3 Qxg3 20. fxg3 Ne3 21.
Rae1 Nxf1 22. Rxe7 Nxh2 23. Kxh2 Re8 24. Rd7 Rd8 25. Nbc5 Kc8 26. Rf7 Rdf8 27.
Re7 Re8 28. Rxe8+ Rxe8 29. Nb4 Rd8 30. Kh3 Rd6 31. g4 h4 32. g3 hxg3 33. Kxg3 b6
34. Ncd3 Kb7 35. Kf3 a5 36. bxa6+ Ka7 37. Ke3 Rd7 38. Nc6+ Ka8 39. Ndb4 Rd6 40.
Kf3 Re6 41. Kf2 Rd6 42. Ne7 Ka7 43. Nc8+ Kb8 44. Nxd6 cxd6 45. Nxd5 Ka7 46. Nxf6
Kxa6 47. Nh7 Ka5 48. Nxg5 Kxa4 49. Ne6 Kb3 50. g5 Kxc3 51. g6 b5 52. g7 b4 53.
g8=Q b3 54. Qc8+ Kb4 55. Qb7+ Kc3 56. Qc6+ {Black resigns} 1-0

[Event "Team 45 45 League T33"]
[Site "Internet Chess Club"]
[Date "2007.04.21"]
[Round "1"]
[White "livis"]
[Black "EdBorowski"]
[Result "0-1"]
[WhiteElo "2083"]
[BlackElo "1941"]
[ECO "B21"]
[TimeControl "2700+45"]

1. e4 c5 2. d4 cxd4 3. Bd3 Nc6 4. f4 g6 5. Nf3 Bg7 6. a3 d6 7. O-O Bg4 8. h3
Bxf3 9. Qxf3 e6 10. b4 a6 11. Nd2 Nge7 12. Bb2 O-O 13. Rae1 e5 14. f5 f6 15.
fxg6 Nxg6 16. g3 Qd7 17. Kh2 b5 18. Nb3 Rac8 19. Bc1 Nge7 20. Re2 Kh8 21. Ref2
Qe6 22. Qh5 Qf7 23. Qe2 Qg6 24. h4 h5 25. Nd2 Bh6 26. Rg2 Rg8 27. Nb3 Bxc1 28.
Nxc1 Rcf8 29. Qf2 Rg7 30. Qf3 Ng8 31. Qf5 Nh6 32. Qxg6 Rxg6 33. Be2 Ng4+ 34.
Bxg4 Rxg4 35. Rf5 Rxe4 36. Rxh5+ Kg7 37. g4 Rh8 38. Rxh8 Kxh8 39. Nd3 Ne7 40.
Kh3 Ng6 41. h5 Nf4+ 42. Nxf4 Rxf4 43. g5 fxg5 44. Rxg5 Rf6 45. Rg3 e4 46. Rg4
Re6 47. Rg2 e3 48. Re2 Rf6 49. Kg3 Kh7 50. c3 Rf2 51. Re1 dxc3 52. Rxe3 c2 53.
Rc3 Rd2 54. Kf4 Kh6 55. Ke3 Rh2 56. Kd4 Rd2+ 57. Ke3 Rg2 58. Rc6 Kxh5 59. Kd3
Kg5 60. Rc8 Kf5 61. Rc6 Ke5 62. Rc8 Rg3+ 63. Kxc2 Rxa3 64. Rc6 d5 65. Kb2 Ra4
66. Kb3 d4 67. Rh6 Ra1 68. Rh5+ Kd6 69. Rh6+ Ke7 70. Rh7+ Kf6 71. Rh6+ Kg5 72.
Rd6 Rb1+ 73. Ka3 Rd1 74. Kb3 Rd3+ 75. Kc2 Rc3+ 76. Kd2 Rc4 77. Rxa6 Rxb4 78. Kd3
Kf5 79. Ra8 Ke6 80. Rd8 Ke7 81. Rd5 Ke6 82. Rd8 Ke5 83. Re8+ Kd5 84. Rd8+ Kc6
85. Rh8 Rc4 86. Rc8+ Kd5 87. Rd8+ Kc5 88. Rc8+ Kb4 89. Rh8 Kb3 90. Rh1 Kb2 91.
Rh2+ Kb3 92. Rh1 Rc3+ 93. Kxd4 b4 94. Rb1+ Ka3 95. Rh1 Rc8 96. Rh7 b3 97. Ra7+
Kb2 98. Kd3 Kb1 99. Kd2 b2 100. Rh7 Rd8+ 101. Kc3 Rb8 102. Rg7 Ka1 103. Ra7+ Kb1
104. Rg7 Rc8+ 105. Kb3 Rb8+ 106. Kc3 Ka2 107. Ra7+ Kb1 108. Rg7 Ra8 109. Kb3 Ka1
{White resigns} 0-1

[Event "Team 45 45 League T33"]
[Site "Internet Chess Club"]
[Date "2007.04.23"]
[Round "1"]
[White "Flying-Tiger"]
[Black "gorgon"]
[Result "0-1"]
[WhiteElo "1852"]
[BlackElo "2153"]
[ECO "B90"]
[TimeControl "2700+45"]

1. e4 c5 2. Nf3 d6 3. d4 cxd4 4. Nxd4 Nf6 5. Nc3 a6 6. Be3 e5 7. Nf3 Be7 8. Bc4
O-O 9. O-O Be6 10. Bd5 Nc6 11. a3 Rc8 12. Qd2 Qc7 13. Ng5 Bxd5 14. exd5 Na5 15.
Nd1 h6 16. Nf3 Nc4 17. Qd3 e4 18. Qe2 exf3 19. Qxf3 Ne5 20. Qg3 Kh8 21. Bxh6
gxh6 22. Qf4 Kh7 23. Ne3 Ng6 24. Qf3 Qd7 25. Nf5 Rc4 26. Qh3 h5 27. Rfe1 Nf4 28.
Qf3 Qxf5 29. Rxe7 Qxd5 30. Qg3 Rg8 31. Rxf7+ Qxf7 {White resigns} 0-1

[Event "Team 45 45 League T33"]
[Site "Internet Chess Club"]
[Date "2007.04.23"]
[Round "1"]
[White "Vael"]
[Black "chessman123"]
[Result "1-0"]
[WhiteElo "1947"]
[BlackElo "1883"]
[ECO "C40"]
[TimeControl "2700+45"]

1. e4 e5 2. Nf3 f5 3. Nxe5 Nc6 4. Nxc6 dxc6 5. Nc3 Bc5 6. d3 Nf6 7. Be2 O-O 8.
O-O fxe4 9. Nxe4 Nxe4 10. dxe4 Qh4 11. Bc4+ Kh8 12. Be3 Bd6 13. f4 g5 14. Bd4+
{Black resigns} 1-0

[Event "Team 45 45 League T33"]
[Site "Internet Chess Club"]
[Date "2007.04.21"]
[Round "1"]
[White "LennyH"]
[Black "shijith"]
[Result "1-0"]
[WhiteElo "1892"]
[BlackElo "1772"]
[ECO "C05"]
[TimeControl "2700+45"]

1. e4 e6 2. d4 d5 3. Nd2 Nf6 4. e5 Nfd7 5. Bd3 c5 6. c3 Nc6 7. Ndf3 cxd4 8. cxd4
f6 9. Ne2 fxe5 10. dxe5 Ndxe5 11. Nxe5 Nxe5 12. Bc2 Bb4+ 13. Nc3 Qf6 14. O-O O-O
15. Qh5 Ng6 16. Bg5 Qf7 17. Ne2 e5 18. f4 Bc5+ 19. Kh1 e4 20. Ng3 Ne7 21. Qh4
Nf5 22. Nxf5 Bxf5 23. g4 Bd7 24. f5 e3 25. Rae1 d4 26. Bb3 Bc6+ 27. Kg1 Bd5 28.
f6 g6 29. Qh6 Bxb3 30. axb3 e2 31. Rf3 d3+ 32. Kh1 Bb4 33. Bd2 Bxd2 34. Qxd2
Qxb3 35. Rxd3 Qe6 36. Rxe2 Qxf6 37. Qe1 Qc6+ 38. Kg1 Qc5+ 39. Kh1 Qc4 40. Rc3
Qxg4 41. Re7 Rfd8 42. Rcc7 Qf3+ 43. Kg1 Rd1 44. Rg7+ Kf8 45. Rgf7+ Qxf7 46.
Rxf7+ Kxf7 47. Qxd1 Re8 48. Qd5+ Re6 49. Qxb7+ Re7 50. Qd5+ Re6 51. Kf2 h5 52.
Kf3 Kf6 53. Qd4+ Re5 54. Qxa7 Rf5+ 55. Kg2 Re5 56. Qd4 Ke6 57. b4 Rd5 58. Qe4+
Kd6 59. Qxg6+ Kc7 60. Qf7+ Kc6 61. Qxd5+ Kxd5 62. Kg3 Kc4 63. Kh4 Kxb4 64. Kxh5
Kc5 65. Kg6 Kd6 66. h4 Ke7 67. Kg7 Ke6 68. h5 {Black resigns} 1-0

[Event "Team 45 45 League T33"]
[Site "Internet Chess Club"]
[Date "2007.04.22"]
[Round "1"]
[White "mickeys"]
[Black "Budzo"]
[Result "0-1"]
[WhiteElo "1681"]
[BlackElo "1782"]
[ECO "D47"]
[TimeControl "2700+45"]

1. d4 d5 2. c4 c6 3. Nf3 Nf6 4. e3 e6 5. Nc3 Nbd7 6. Bd3 dxc4 7. Bxc4 b5 8. Bd3
Bb7 9. O-O a6 10. e4 c5 11. e5 Nd5 12. Bg5 Be7 13. Bxe7 Qxe7 14. Ne4 O-O 15. Nd6
c4 16. Nxb7 cxd3 17. Nd6 N7b6 18. Qxd3 Nc8 19. Ne4 Rd8 20. Rfc1 Ncb6 21. b3 Rac8
22. Nc5 Nd7 23. Nxa6 Rxc1+ 24. Rxc1 Qa3 25. Rc6 Ne7 26. Rd6 Nf5 27. Rc6 Ne7 28.
Rd6 Nf5 29. Rxd7 Qc1+ 30. Qf1 Qxf1+ 31. Kxf1 Rxd7 32. Nb8 Ra7 33. Nc6 Rxa2 34.
Ke1 Rb2 35. b4 Kf8 36. g4 Ne7 37. Na5 Nd5 38. Nd2 Nxb4 39. Nb7 Nc2+ 40. Kd1 Nxd4
41. Kc1 Ra2 42. Nd6 Rc2+ 43. Kd1 Ra2 44. Kc1 Ra1+ 45. Kb2 Rh1 46. Kc3 Nc6 47.
Nxb5 Nxe5 48. g5 Rxh2 49. f4 Ng6 50. f5 exf5 51. Kd3 Rxd2+ {White resigns} 0-1

[Event "Team 45 45 League T33"]
[Site "Internet Chess Club"]
[Date "2007.04.19"]
[Round "1"]
[White "Kinglord"]
[Black "GrandPoobah069"]
[Result "1/2-1/2"]
[WhiteElo "1639"]
[BlackElo "1658"]
[ECO "B90"]
[TimeControl "2700+45"]

1. e4 c5 2. Nf3 d6 3. d4 cxd4 4. Nxd4 Nf6 5. Nc3 a6 6. Be3 e5 7. Nb3 Be6 8. f3
Be7 9. Qd2 O-O 10. Nd5 Bxd5 11. exd5 Nbd7 12. O-O-O Rc8 13. g4 Qc7 14. Qf2 Rfd8
15. g5 Nh5 16. Bd3 b5 17. Bd2 Nc5 18. Nxc5 Qxc5 19. Qxc5 Rxc5 20. Be4 g6 21.
Rhg1 Kg7 22. h4 f5 23. Be3 fxe4 24. Bxc5 dxc5 25. fxe4 Nf4 26. Rd2 h6 27. b3
hxg5 28. hxg5 c4 29. Rh2 Rh8 30. Rd2 Rd8 31. bxc4 bxc4 32. Kb2 Rb8+ 33. Ka1 Bc5
34. Rg3 Ba3 35. Rxa3 Ra8 36. d6 Ne6 37. d7 Rd8 38. Rxa6 Nc5 39. Ra7 Nxe4 40. Rd5
Nxg5 41. Rxe5 Nf7 42. Re8 Kf6 43. Rxd8 Nxd8 44. Ra4 Ke7 45. Rxc4 Ne6 46. Re4
Kxd7 47. Rg4 g5 48. a4 Kd6 49. Kb2 Kc6 50. Kc3 Kb6 51. Kb4 Ka6 52. c4 Kb6 53.
a5+ Kc6 54. Rg1 Kb7 55. Kb5 Nd4+ 56. Kc5 Nf3 57. Rg3 Nd2 58. Rxg5 Ne4+ 59. Kb5
Nxg5 60. c5 Ne6 61. a6+ Ka7 62. Kc6 Nxc5 63. Kb5 Nxa6 {Game drawn because
neither player has mating material} 1/2-1/2

[Event "Team 45 45 League T33"]
[Site "Internet Chess Club"]
[Date "2007.04.22"]
[Round "1"]
[White "IronWill"]
[Black "Kasparklunk"]
[Result "1-0"]
[WhiteElo "1568"]
[BlackElo "1466"]
[ECO "B01"]
[TimeControl "2700+45"]

1. e4 d5 2. d4 dxe4 3. Nc3 Nf6 4. f3 exf3 5. Nxf3 Bg4 6. h3 Bh5 7. g4 Bg6 8. Ne5
Nbd7 9. Qf3 Nxe5 10. dxe5 Nd7 11. Bf4 c6 12. O-O-O e6 13. Bd3 Bxd3 14. Rxd3 Qc7
15. Rf1 O-O-O 16. Bg3 Nxe5 17. Rxd8+ Kxd8 18. Bxe5 Qxe5 19. Qxf7 Bb4 20. Rd1+
Kc8 21. Qd7+ Kb8 22. a3 Bxc3 23. bxc3 Qxc3 24. Qd6+ Ka8 25. Qd8+ {Black resigns}
1-0

[Event "Team 45 45 League T33"]
[Site "Internet Chess Club"]
[Date "2007.04.21"]
[Round "1"]
[White "Mutaant"]
[Black "Russ"]
[Result "1-0"]
[WhiteElo "1460"]
[BlackElo "1250"]
[ECO "B50"]
[TimeControl "2700+45"]

1. e4 c5 2. Nf3 d6 3. Nc3 Nc6 4. Bc4 e6 5. d3 Nf6 6. Bg5 Be7 7. O-O O-O 8. h3 h6
9. Bf4 Nd7 10. Qd2 Nde5 11. Nxe5 dxe5 12. Be3 Nd4 13. Nd1 Bg5 14. Bxg5 Qxg5 15.
Qxg5 hxg5 16. c3 Ne2+ 17. Kh2 Nf4 18. Ne3 b6 19. a3 Bb7 20. b4 Rfd8 21. Rad1
Rac8 22. g3 Ng6 23. b5 Rd6 24. a4 Rcd8 25. Rd2 Ne7 26. Ra1 Ba8 27. a5 R8d7 28.
a6 Kh7 29. Ng2 f5 30. f3 Ng6 31. Ne3 f4 32. Ng4 Rf7 33. Bb3 Rd8 34. Bxe6 Re7 35.
Bb3 Rf8 36. Rad1 Rd7 37. Be6 Rd6 38. Bf5 Rfd8 39. Nxe5 Re8 40. Nxg6 Rxg6 41.
Bxg6+ Kxg6 42. d4 Rd8 43. dxc5 Rxd2+ 44. Rxd2 bxc5 45. Rd8 {Black resigns} 1-0

[Event "Team 45 45 League T33"]
[Site "Internet Chess Club"]
[Date "2007.04.22"]
[Round "1"]
[White "SneakyRed"]
[Black "lmadueno"]
[Result "1-0"]
[WhiteElo "1806"]
[BlackElo "1592"]
[ECO "B22"]
[TimeControl "2700+45"]

1. e4 c5 2. c3 c4 3. Bxc4 Nc6 4. Nf3 e6 5. d4 d5 6. exd5 exd5 7. Be2 Be7 8. O-O
Nf6 9. Bf4 O-O 10. h3 Be6 11. Qb3 Qd7 12. Nbd2 a6 13. Rfe1 b5 14. Bd3 Bxh3 15.
gxh3 Qxh3 16. Qc2 Qg4+ 17. Bg3 Bd6 18. Bf5 Qh5 19. Bxd6 g6 20. Bd3 Qg4+ 21. Bg3
Nh5 22. Nh2 Qg5 23. Ndf3 Qf6 24. Bh4 Qf4 25. Bg5 Qd6 26. Qd2 Nd8 27. Be7 Qc7 28.
Bxf8 Kxf8 29. Qh6+ Ng7 30. Qxh7 Nge6 31. Ne5 Ke7 32. Bxg6 Ng5 {Black resigns}
1-0

[Event "Team 45 45 League T33"]
[Site "Internet Chess Club"]
[Date "2007.04.21"]
[Round "1"]
[White "stakastra"]
[Black "Chess2Play"]
[Result "1/2-1/2"]
[WhiteElo "1605"]
[BlackElo "1671"]
[ECO "B34"]
[TimeControl "2700+45"]

1. e4 c5 2. Nf3 Nc6 3. d4 cxd4 4. Nxd4 g6 5. Nc3 Bg7 6. Ndb5 Nf6 7. Bg5 O-O 8.
Qd2 a6 9. Na3 Re8 10. Bd3 d6 11. O-O Be6 12. Rab1 b5 13. Bxf6 Bxf6 14. Nd5 Bg7
15. b3 Ne5 16. f4 Nxd3 17. cxd3 Bxd5 18. exd5 Qb6+ 19. Kh1 Qc5 20. Nc2 Qxd5 21.
Ne3 Qd4 22. f5 Rec8 23. Qe2 Rc3 24. Rbd1 Rac8 25. fxg6 hxg6 26. Qf3 f6 27. Qd5+
Qxd5 28. Nxd5 Kf8 29. Nxc3 Rxc3 30. Rc1 Rxd3 31. Rc6 b4 32. Rxa6 f5 33. Rb1 Bc3
34. a4 bxa3 35. Rxa3 Bb4 36. Ra2 Kf7 37. g3 Kf6 38. Kg2 Kf7 39. Ra4 Rd4 40. Rc1
Rd2+ 41. Kh3 Bc5 42. b4 Be3 43. Rb1 g5 44. g4 f4 45. b5 f3 46. Rf1 f2 47. Rb4
Bb6 48. Kg3 e5 49. Rc4 Rb2 50. Rc6 Rxb5 51. Rxd6 Bd4 52. Rh6 Rb3+ 53. Kg2 Kg7
54. Rd6 Rb7 55. Rc6 e4 56. Rfc1 Rb5 57. Rd1 Rb4 58. Rdc1 Rb5 59. R1c4 Rd5 60.
Kf1 Be3 61. Rc7+ Kf6 62. R4c6+ Ke5 63. Re7+ Kf4 64. Rf6+ Kxg4 65. Rxe4+ Bf4 66.
Kxf2 Rd2+ 67. Re2 Rxe2+ 68. Kxe2 Bxh2 69. Kf2 Bf4 70. Kg2 Be3 71. Rf7 Bf4 72.
Rg7 Be3 73. Rg8 Bf4 74. Rc8 Kf5 75. Rg8 Kg4 76. Rc8 Be3 77. Rc4+ Bf4 78. Ra4 Kh4
79. Kf3 Kh5 80. Ra8 Kg6 81. Kg4 Kf6 82. Ra6+ Ke5 83. Ra5+ Kd4 84. Kf3 Kd3 85.
Rd5+ Kc4 86. Rd7 Kc5 87. Ke4 Bd6 88. Kf5 Kc6 89. Ke6 Bf4 90. Rd1 Kc5 91. Kf5 Kc4
92. Ke4 Kc5 93. Rd5+ Kc4 94. Rd8 Kc5 {Game drawn by mutual agreement} 1/2-1/2

[Event "Team 45 45 League T33"]
[Site "Internet Chess Club"]
[Date "2007.04.24"]
[Round "1"]
[White "sdcohle"]
[Black "AntonioMendonca"]
[Result "0-1"]
[WhiteElo "1358"]
[BlackElo "1578"]
[ECO "A45"]
[TimeControl "2700+45"]

1. d4 Nf6 2. e3 g6 3. Bd3 Bg7 4. c3 O-O 5. Nd2 d6 6. Nb3 e5 7. Qc2 Nc6 8. Nf3
Ne8 9. O-O f5 10. e4 f4 11. dxe5 Nxe5 12. Nxe5 dxe5 13. Rd1 Qh4 14. f3 Nf6 15.
Bc4+ Kh8 16. Bd2 g5 17. Be1 Qh5 18. g3 Qxf3 19. Nd2 Qg4 20. Be2 Qxe2 21. Bf2 Bh3
22. Re1 Qh5 23. Nf1 b6 24. Re2 Rfd8 25. c4 Ng4 26. Rae1 Bf8 27. c5 Nxf2 28. Rxf2
Bxc5 29. Qc3 Qe8 30. gxf4 Bxf2+ 31. Kxf2 Bxf1 32. Kxf1 Qb5+ 33. Kg1 gxf4 34. Kh1
Qc5 35. Qb3 Rg8 36. Qf7 Raf8 37. Qb3 Qf2 38. Qc3 Qg2# {White checkmated} 0-1

[Event "Team 45 45 League T33"]
[Site "Internet Chess Club"]
[Date "2007.04.19"]
[Round "1"]
[White "AlekLondon"]
[Black "Toalla"]
[Result "1/2-1/2"]
[WhiteElo "1510"]
[BlackElo "1291"]
[ECO "E20"]
[TimeControl "2700+45"]

1. d4 Nf6 2. c4 e6 3. Nc3 Bb4 4. Bd2 c5 5. a3 Bxc3 6. Bxc3 d6 7. e3 Nbd7 8. Nf3
O-O 9. Bd3 Re8 10. Bc2 e5 11. d5 e4 12. Nd2 Re7 13. f3 Qe8 14. f4 Kh8 15. g4 Ng8
16. g5 f6 17. h4 f5 18. h5 h6 19. gxh6 Nxh6 20. Qe2 Nf6 21. Bxf6 gxf6 22. O-O-O
Rg7 23. Rh3 Bd7 24. Rdh1 Qe7 25. Qf1 a5 26. Qd1 a4 27. Nb1 b5 28. cxb5 Bxb5 29.
Nc3 Qe8 30. Rg1 Raa7 31. Rg6 Ng4 32. Qg1 Rh7 33. Bd1 Rag7 34. Rxg7 Rxg7 35. h6
Rh7 36. Bxg4 fxg4 37. Rh4 f5 38. Qh2 Bd7 39. Rh5 Qf7 40. Qh4 Qf8 41. Ne2 Be8 42.
Rg5 Bd7 43. Qe1 Qxh6 44. Qc3+ Rg7 45. Kb1 Kg8 46. Rxg7+ Qxg7 47. Qxg7+ Kxg7 48.
Ng3 Kf6 49. Kc2 Bc8 50. b3 axb3+ 51. Kxb3 Bb7 52. Kc4 Ba6+ 53. Kc3 Bb7 54. a4
Ba6 55. a5 Bb5 56. Kd2 Bd3 57. Kc3 Bb5 58. Kd2 Ba6 59. Kc3 Bd3 60. Kd2 Ba6 {Game
drawn by mutual agreement} 1/2-1/2

[Event "Team 45 45 League T33"]
[Site "Internet Chess Club"]
[Date "2007.04.21"]
[Round "1"]
[White "reinaroja"]
[Black "searchforbobby1"]
[Result "0-1"]
[WhiteElo "2188"]
[BlackElo "2149"]
[ECO "A84"]
[TimeControl "2700+45"]

1. d4 f5 2. c4 e6 3. Nc3 d5 4. Nf3 c6 5. Bf4 Ne7 6. e3 Ng6 7. Bg3 Nd7 8. h4 Nf6
9. h5 Ne7 10. c5 Neg8 11. Be5 Nh6 12. Nd2 b6 13. b4 Be7 14. f3 a5 15. a3 O-O 16.
Nb3 a4 17. Nc1 bxc5 18. bxc5 Nf7 19. Bf4 Nd7 20. Nd3 e5 21. dxe5 Nxc5 22. Nb4
Bd7 23. Bd3 Ng5 24. Bc2 Nge6 25. g3 Qa5 26. O-O Nxf4 27. gxf4 Ne6 28. Bxa4 Qc5
29. Qd2 Nxf4 30. Kh1 Nxh5 31. Rg1 f4 32. e4 Ng3+ 33. Kg2 d4 34. Bb3+ Kh8 35. Na4
Qxe5 36. Nb6 Qg5 37. Kf2 Qh4 38. Kg2 Bh3+ 39. Kh2 Bf1# {White checkmated} 0-1

[Event "Team 45 45 League T33"]
[Site "Internet Chess Club"]
[Date "2007.04.22"]
[Round "1"]
[White "Burning-Bush"]
[Black "Klampin"]
[Result "1/2-1/2"]
[WhiteElo "2037"]
[BlackElo "1967"]
[ECO "D18"]
[TimeControl "2700+45"]

1. d4 d5 2. c4 c6 3. Nf3 Nf6 4. Nc3 dxc4 5. a4 Bf5 6. e3 e6 7. Bxc4 Bb4 8. O-O
Nbd7 9. h3 O-O 10. Qb3 Qb6 11. Nh4 Bxc3 12. Nxf5 Bb4 13. Ng3 c5 14. Ne2 Rac8 15.
Rd1 cxd4 16. Nxd4 Nc5 17. Qc2 Nce4 18. Qb3 Rfd8 19. Rf1 Nd5 20. Qd3 Qc5 21. Bb3
Ndf6 22. Qe2 e5 23. Nf3 h6 24. Qb5 Qxb5 25. axb5 Nc5 26. Bc4 Ncd7 27. b3 Bc5 28.
Bb2 e4 29. Ne5 Nxe5 30. Bxe5 Rd2 31. Bc3 Rd7 32. Rac1 Nd5 33. Rfd1 Rcd8 34. Be1
b6 35. Ra1 Nb4 36. Rxd7 Rxd7 37. Bc3 Nc2 38. Ra2 Nb4 {Game drawn by mutual
agreement} 1/2-1/2